Unix NetHack Version 3.7.0-88 Work-in-progress - last build Aug 6 2023 13:40:22 (5c9c4c7fffe0d5f0a8b1342c2a36a56ed743986a,branch:master). Game began 2023-08-14 16:28:39, ended 2023-08-14 17:09:09. Ashpool, neutral male gnomish Archeologist -------------------------- |>......^^^^^^^^^^^^^^^^.| |..%@m..----------------.| -------.------ |.| |...........| |.| |.0.0.0.0.0.| |.| --------.----| |.| |...0.0..0.0.| |.| |...0........| |.| -----.-------- ------|.| |..0.0.0...| --|.....|.| |.....0....| |.+.....|.| |.0.0...0.-- |-|.....|.| -------.---- |.+.....+.| |..0.....| |-|.....|-- |........| |.+.....| |...------ --|.....| ----- ------- Ashpool the Investigator St:15 Dx:9 Co:16 In:16 Wi:17 Ch:9 Neutral Dlvl:4 $:0 HP:0(51) Pw:30(30) AC:0 Xp:7/831 T:6031 Latest messages: You see here a mummy wrapping. You hear a jackal howling at the moon. The boulder falls into and plugs a hole in the floor! Where do you want to travel to? (For instructions type a '?') With great effort you move the boulder. Where do you want to travel to? (For instructions type a '?') With great effort you move the boulder. Where do you want to travel to? (For instructions type a '?') With great effort you move the boulder. You see here a mummy wrapping. The boulder falls into and plugs a hole in the floor! This door is locked. Unlock it with your key? [ynq] (q) You succeed in unlocking the door. The door opens. Your silver saber named Grayswandir sears the werejackal's flesh! You kill the werejackal! G - a diamond ring. H - a food ration. I - a twisted ring. What do you want to use or apply? [g-jxzBJZ or ?*] You put a diamond ring into the bag called BoH. You put a twisted ring into the bag called BoH. You climb up the stairs. You see here a tin. You hit the giant mimic! You hit the giant mimic! The giant mimic hits! The giant mimic hits again! You cannot escape from the giant mimic! The giant mimic hits! The giant mimic hits again! What do you want to write with? [- agjrBX or ?*] You write in the dust with your fingertip. Something is written here in the dust. You read: "Elbereth". You see no objects here. Something is written here in the dust. You read: "E|be?eth". You see no objects here. Are you sure you want to pray? [yn] (n) What do you want to write with? [- agjrBX or ?*] Do you want to add to the current engraving? [ynq] (y) You wipe out the message that was written in the dust here. You write in the dust with your fingertip. The giant mimic hits! You die... Inventory: Weapons (')') a - the blessed +3 Grayswandir (weapon in hand) Armor ('[') c - an uncursed +0 fedora (being worn) u - a blessed rotted +0 pair of gauntlets of dexterity (being worn) o - an uncursed +0 pair of kicking boots (being worn) F - an uncursed +0 pair of levitation boots y - an uncursed +0 mummy wrapping v - an uncursed +0 elven mithril-coat (being worn) Comestibles ('%') H - an uncursed food ration Wands ('/') B - an uncursed wand of make invisible (0:7) j - an uncursed wand of sleep (0:3) Tools ('(') z - an uncursed bag of holding containing 37 items h - an empty uncursed sack x - an uncursed mirror Z - an uncursed mirror i - an uncursed oil lamp J - an uncursed skeleton key Gems/Stones ('*') X - 2 uncursed worthless pieces of yellow glass r - an uncursed luckstone g - an uncursed touchstone Contents of the bag of holding: 674 gold pieces an uncursed taco an uncursed candy bar labeled "Berry Bar" an uncursed cram ration an uncursed cream pie 3 uncursed food rations 4 uncursed food rations 2 uncursed oranges 2 uncursed tripe rations an uncursed scroll of blank paper an uncursed scroll of create monster 2 uncursed scrolls of earth an uncursed scroll of enchant weapon a blessed scroll of identify an uncursed spellbook of detect food an uncursed spellbook of stone to flesh an uncursed potion of blindness a blessed potion of enlightenment an uncursed potion of healing an uncursed potion of levitation a blessed potion of object detection an uncursed potion of object detection an uncursed potion of object detection an uncursed potion of sleeping a cursed -2 ring of adornment an uncursed +3 ring of gain strength an uncursed ring of protection from shape changers an uncursed ring of regeneration an uncursed wand of nothing (0:4) an uncursed wand of nothing (0:3) a blessed oil lamp an uncursed +0 pick-axe an uncursed tinning kit (0:95) an uncursed opal an uncursed worthless piece of black glass an uncursed worthless piece of red glass an uncursed worthless piece of violet glass Ashpool the Archeologist's attributes: Background: You were an Investigator, a level 7 male gnomish Archeologist. You were neutral, on a mission for Camaxtli who was opposed by Quetzalcoatl (lawful) and Huhetotl (chaotic). You were in Sokoban, on level 4. You entered the dungeon 6031 turns ago. You had 831 experience points, 449 more were needed to attain level 8. Basics: You had 0 out of 51 hit points. You had all 30 energy points (spell power). Your armor class was 0. Your wallet was empty, but you had 674 zorkmids stashed away in your pack. Autopickup was on for '$"?' plus thrown, with exceptions. Final Characteristics: Your strength was 15 (limit:18/50). Your dexterity was 9 (limit:18). Your constitution was 16 (limit:18). Your intelligence was 16 (limit:19). Your wisdom was 17 (limit:18). Your charisma was 9 (limit:18). Final Status: You were held by a giant mimic (east). You were not hungry. You were unencumbered. You were wielding a saber. You were skilled in saber. Final Attributes: You were piously aligned. You resisted hallucinations. You had automatic searching. You had infravision. You were stealthy. You had a small defense bonus (+4). You were guarded. You were lucky. You had extra luck. Bad luck did not time out for you. Good luck did not time out for you. You are dead. Miscellaneous: You disabled loading of bones levels. Total elapsed playing time was 40 minutes and 29 seconds. Major events: Turn 1: Ashpool the neutral male gnomish Archeologist entered the dungeon 1275: entered the Gnomish Mines 1360: attained the rank of Field Worker (level 3) 2101: reached Mine Town 2338: made his first wish - "blessed fixed +3 Grayswandir", got "a silver saber named Grayswandir" 3614: attained the rank of Investigator (level 6) 4413: entered Sokoban 4777: completed 1st Sokoban level 5510: completed 2nd Sokoban level 5999: completed 3rd Sokoban level 6031: killed by a giant mimic Vanquished creatures: a tengu a quivering blob 2 leprechauns a scorpion an orc mummy a dwarf mummy a brown pudding a gold golem a jaguar a wood nymph a yellow light a shrieker a gnome leader 2 gray oozes a ghoul a paper golem 2 giant ants 2 dwarves 2 homunculi 2 kobold shamans 16 hill orcs 6 rothes a giant bat a dwarf zombie a werejackal an iguana an acid blob 2 coyotes 4 hobbits 2 large kobolds 2 hobgoblins 2 giant rats 2 gnomes 2 garter snakes a gnome zombie 5 geckos 7 jackals a fox a kobold a goblin 5 sewer rats 4 grid bugs a bat 6 lichens a kobold zombie 7 newts 109 creatures vanquished. No species were genocided or became extinct. Voluntary challenges: You read items or engraved 9 times. You engraved Elbereth 1 time. You never genocided any monsters. You never polymorphed an object. You never changed form. You used 1 wish (for an artifact). You did not violate any of the special Sokoban rules. Achievements: You entered a shop. You entered the Gnomish Mines. You attained the rank of Field Worker. You entered Minetown. You entered a temple. You attained the rank of Investigator. You entered Sokoban. The Dungeons of Doom: levels 1 to 9 Level 1: A fountain. Level 2: Level 3: A general store, a fountain. Stairs down to The Gnomish Mines. Level 4: A fountain. Level 5: "s" Some fountains. Level 6: Level 7: Level 8: Some fountains, a grave. Stairs up to Sokoban, level 7. Level 9: The Gnomish Mines: levels 4 to 7 Level 4: Level 5: Level 6: Many shops, a temple, some fountains. Level 7: Sokoban: levels 7 up to 4 Level 4: <- You were here. Unsolved. Final resting place for you, killed by a giant mimic. Level 5: Solved. Level 6: Solved. Level 7: Solved. Game over: ---------- / \ / REST \ / IN \ / PEACE \ / \ | Ashpool | | 674 Au | | killed by a | | giant mimic | | | | | | 2023 | *| * * * | * _________)/\\_//(\/(/\)/\//\/|_)_______ Goodbye Ashpool the Archeologist... You died in Sokoban on dungeon level 4 with 4331 points, and 674 pieces of gold, after 6031 moves. You were level 7 with a maximum of 51 hit points when you died.